 Dungeon Crawl Stone Soup version 0.31-a0-441-g867994ef1c (webtiles) character file.

Game seed: 5681474435275574163

67 CraigForest the Cudgeller (level 4, 0/44 HPs)
             Began as a Troll Berserker on Aug 2, 2023.
             Was a Believer of Trog.
             Slain by an orc priest
             ... wielding a +0 club
              (2 damage)
             ... on level 3 of the Dungeon.
             The game lasted 00:04:32 (1498 turns).

CraigForest the Cudgeller (Troll Berserker)         Turns: 1498, Time: 00:04:32

Health: 0/44       AC:  4    Str: 27    XL:     4   Next: 0%
Magic:  3/3        EV: 10    Int:  3    God:    Trog [**....]
Gold:   67         SH:  0    Dex: 15    Spells: 3/3 levels left

rFire   . . .        a - +0 mace
rCold   . . .        (no shield)
rNeg    . . .        b - +0 animal skin
rPois   .            (helmet restricted)
rElec   .            (no cloak)
rCorr   .            (gloves unavailable)
SInv    .            (boots unavailable)
Will    .....        (no amulet)
Stlth   +            j - +6 ring of dexterity
HPRegen 1.07/turn    (no ring)
MPRegen 0.08/turn

%: no passive effects
@: no status effects
A: large, unfitting armour, claws 3, regeneration 1, shaggy fur 1, tough skin 1
a: Renounce Religion, Berserk, Trog's Hand


You were on level 3 of the Dungeon.
You worshipped Trog.
Trog was pleased with you.
You visited 1 branch of the dungeon, and saw 3 of its levels.

You collected 67 gold pieces.

Inventory:

Hand Weapons
 a - a +0 mace (weapon)
 g - a +0 short sword of flaming
Missiles
 k - 4 poisoned darts
Armour
 b - a +0 animal skin (worn)
Jewellery
 j - a +6 ring of dexterity (left claw)
Scrolls
 c - 6 scrolls of identify {unknown}
 d - a scroll of noise {unknown}
 f - 2 scrolls of enchant weapon {unknown}
 l - 2 scrolls of teleportation {unknown}
 m - a scroll of vulnerability {unknown}
Potions
 e - a potion of cancellation {unknown}
 h - a potion of haste {unknown}
 i - a potion of brilliance {unknown}


   Skills:
 + Level 2.9 Fighting
 + Level 3.5 Maces & Flails
 + Level 3.0 Dodging


You had 3 spell levels left.
You didn't know any spells.
Your spell library was empty.

Dungeon Overview and Level Annotations

Branches:
Dungeon (3/15)

Altars:
Makhleb


Innate Abilities, Weirdness & Mutations

You are too large for most types of armour.
You have claws for hands.
Your natural rate of healing is unusually fast.
You are covered in fur. (AC +1)
You have tough skin. (AC +1)


Message History

Trog accepts your kill.
You have reached level 4!
An orc priest comes into view. It is wielding a +0 club.
You completely miss the orc. The orc hits you with a +0 club.
You hit the orc but do no damage. The orc closely misses you.
The orc priest hits you with a +0 club. The orc hits you with a +0 club.
You barely miss the orc priest. The orc hits you with a +0 club.
The orc priest invokes the aid of Beogh against you.
Beogh smites you!
You closely miss the orc priest. The orc barely misses you.
The orc priest hits you with a +0 club.
You hit the orc priest.
The orc priest is lightly wounded.
The orc closely misses you. The orc priest hits you with a +0 club.
You hit the orc priest.
The orc priest is heavily wounded.
The orc barely misses you.
The orc priest hits you with a +0 club. x2
The orc hits you with a +0 club.
You are too injured to fight recklessly!
You barely miss the orc priest.
The orc priest is heavily wounded.
The orc hits you with a +0 club. The orc priest hits you with a +0 club.
* * * LOW HITPOINT WARNING * * *
You hit the orc priest.
The orc priest is almost dead.
The orc closely misses you. The orc priest barely misses you.
You closely miss the orc priest.
The orc priest is almost dead.
The orc priest mumbles some strange prayers to Beogh against you.
Beogh smites you!
* * * LOW HITPOINT WARNING * * *
The orc hits you but does no damage.
You hit the orc priest but do no damage.
The orc priest is almost dead.
The orc misses you. The orc priest hits you with a +0 club.
* * * LOW HITPOINT WARNING * * *
You hit the orc priest but do no damage.
The orc priest is almost dead.
The orc hits you but does no damage. The orc priest hits you with a +0 club.
You die...

##....## #...#.†.
#.#.....
###.###### # #...#
#. ###.### #..##
#...# # #..o###
##.### r## #o@.#
#..# ##
........##.###'###
..####........
#)......#
.............
#.......# ...<...#
### #.......#
..[....# #.......#
.$.....#
..>......#
.......#
###########
.......#


You could see an orc priest and an orc.

Vanquished Creatures
  An adder (D:2)
  An orc (D:3)
  5 ball pythons (D:1)
  3 bats
  10 endoplasms
  2 giant cockroaches
  6 goblins
  4 hobgoblins
  A jackal (D:1)
  7 kobolds
  4 quokkas
  2 frilled lizards (D:1)
  5 rats
51 creatures vanquished.

Notes
Turn   | Place    | Note
-------+----------+-------------------------------------------
     0 | D:1      | CraigForest the Troll Berserker began the quest for the
                  | Orb.
     0 | D:1      | Reached XP level 1. HP: 22/22 MP: 0/0
   181 | D:1      | Reached XP level 2. HP: 29/29 MP: 1/1
   450 | D:1      | Reached ** piety under Trog
   536 | D:1      | Reached XP level 3. HP: 36/36 MP: 2/2
  1134 | D:2      | Found a burning altar of Makhleb.
  1486 | D:3      | Reached XP level 4. HP: 44/44 MP: 3/3
  1496 | D:3      | HP: 2/44 [orc priest/divine providence (14)]
  1498 | D:3      | Slain by an orc priest

Illustrated notes

Levels and vault maps discovered:
D:1:      dpeg_arrival_brainrot, layout_loops_ring
D:2:      layout_basic, basic_altar
D:3:      layout_basic, minmay_misc_feat_cross, kennysheep_generic_room_16

Skill      XL: |  1  2  3 |
---------------+----------+-----
Maces & Flails | 3 |  3.5
Dodging        | 3 |  3.0
Fighting       | |  2.9

Action                     |  1- 3 |  4- 6 || total
---------------------------+-------+-------++-------
  Melee: Mace              |   122 |    11 ||   133
         Punch             |     1 |       ||     1
   Stab: Sleeping          |     3 |       ||     3
 Armour: Animal skin       |    51 |     2 ||    53
  Dodge: Dodged            |    67 |     7 ||    74

Table legend: (Time is in decaauts)
 A = Elapsed time spent in this place.
 B = Non-inter-level travel time spent in this place.
 C = Inter-level travel time spent in this place.
 D = Time resting spent in this place.
 E = Time spent auto-exploring this place.
 F = Levels seen in this place.
 G = Mean time per level.
                   A        B        C        D        E       F      G
               +--------+--------+--------+--------+--------+-----+--------+
         Total |   1530 |   1431 |     99 |      0 |   1097 |   3 |  510.0 |
       Dungeon |   1530 |   1431 |     99 |      0 |   1097 |   3 |  510.0 |
               +--------+--------+--------+--------+--------+-----+--------+

Top non-repeatable levels by time:
     D:1: 798 daAuts
     D:2: 561 daAuts
     D:3: 170 daAuts
